 Dungeon Crawl Stone Soup version 0.26-a0-540-g8a0c9464d7 (webtiles) character file.

Game seed: 3209420790660234659

1262 vurker the Magician (level 8, 0/39 HPs)
             Began as a Spriggan Ice Elementalist on Aug 16, 2020.
             Killed from afar by a white imp (10 damage)
             ... with a puff of frost
             ... on level 6 of the Dungeon.
             The game lasted 00:08:53 (6480 turns).

vurker the Magician (Spriggan Ice Elementalist)     Turns: 6480, Time: 00:08:53

Health: 0/39       AC:  3    Str:  4    XL:     8   Next: 27%
Magic:  16/19      EV: 18    Int: 18    God:
Gold:   341        SH:  0    Dex: 17    Spells: 8/20 levels left

rFire    . . .     SeeInvis +   c - +1 dagger (venom)
rCold    . . .     Faith    .   (shield restricted)
rNeg     . . .     Spirit   .   a - +0 robe
rPois    .         Reflect  .   (helmet restricted)
rElec    .         Harm     .   i - +0 cloak
rCorr    .                      (gloves unavailable)
MR       +....                  (boots unavailable)
Stlth    +.........             (no amulet)
HPRegen  0.13/turn              g - ring of attention (curse)
MPRegen  0.16/turn              (no ring)

@: very quick
A: very small, unfitting armour, see invisible, speed 3
a: no special abilities


You were on level 6 of the Dungeon.
You visited 1 branch of the dungeon, and saw 6 of its levels.

You collected 341 gold pieces.

Inventory:

Hand Weapons
 c - a +1 dagger of venom (weapon)
   (You took it off a goblin on level 1 of the Dungeon)
 p - a +2 whip of freezing
   (You took it off Pikel on level 6 of the Dungeon)
Armour
 a - a +0 robe (worn)
 i - a +0 cloak (worn)
   (You found it on level 3 of the Dungeon)
Jewellery
 g - a cursed ring of attention (left hand)
   (You found it on level 1 of the Dungeon)
Scrolls
 e - a scroll of teleportation
 h - 2 scrolls of fog
 k - a scroll of enchant armour {unknown}
 l - a scroll of identify
Potions
 b - a potion of cancellation {unknown}
 d - 3 potions of heal wounds
 f - 2 potions of magic
 j - a potion of brilliance {unknown}
 m - 2 potions of might {unknown}
 n - a potion of curing {unknown}
 o - a potion of haste {unknown}


   Skills:
 + Level 2.8 Fighting
 - Level 3.0 Dodging
 - Level 3.0 Stealth
 * Level 6.7 Spellcasting
 * Level 2.8 Conjurations
 - Level 3.0 Summonings
 * Level 5.4 Ice Magic


You had 8 spell levels left.
You knew the following spells:

 Your Spells              Type           Power        Failure   Level
a - Freeze                Ice            ####         1%          1
b - Frozen Ramparts       Ice            ####..       3%          3
c - Hailstorm             Conj/Ice       ###.....     21%         4
d - Summon Ice Beast      Ice/Summ       ###.....     19%         4

Your spell library contained the following spells:

 Spells                   Type           Power        Failure   Level
 Ozocubu's Armour         Ice            ####....     3%          3


Dungeon Overview and Level Annotations

Branches:
Dungeon (6/15)
 Temple: D:4-7

Altars:
Elyvilon
Fedhas
Qazlal
Ru
Yredelemnul

Annotations:
D:5 exclusion: ice beast


Innate Abilities, Weirdness & Mutations

You are very small and have problems with some larger weapons.
You are too small for most types of armour.
You have supernaturally acute eyesight. (SInv)
You cover ground extremely quickly.


Message History

The white imp gestures at you. The puff of frost hits you!
* * * LOW HITPOINT WARNING * * *
The white imp resists.
The wall freezes the white imp.
The white imp resists.
The wall freezes the white imp.
There is a stone staircase leading up here.
The frozen ramparts melt away.
You climb upwards.
Level annotation: exclusion: ice beast
There is a stone staircase leading down here.
You start resting.
You start resting.
You climb downwards.
There is a stone staircase leading up here.
Your +2 whip of freezing stops glowing.
Your +1 dagger of venom begins to drip with poison!
c - a +1 dagger of venom (weapon)
The walls around you are covered in ice.
The white imp resists.
The wall freezes the white imp.
You hit the white imp.
The wall freezes the worker ant.
The white imp resists.
The wall freezes the white imp.
The white imp barely misses you.
The white imp completely resists.
The wall freezes the white imp but do no damage.
You closely miss the white imp.
The wall freezes the worker ant.
The worker ant bites you.
The white imp completely resists.
The wall freezes the white imp but do no damage.
The white imp gestures at you. The puff of frost hits you!
The wall freezes the worker ant.
You barely miss the worker ant.
The white imp completely resists.
The wall freezes the white imp but do no damage.
The white imp puffs mist at you.
The wall freezes the worker ant!
You kill the worker ant!
The white imp resists.
The wall freezes the white imp.
The white imp gestures at you. The puff of frost misses you.
The white imp resists.
The wall freezes the white imp.
The white imp hits you. The white imp freezes you.
* * * LOW HITPOINT WARNING * * *
You hit the white imp.
The frozen ramparts melt away.
The white imp closely misses you.
You barely miss the white imp. The white imp gestures at you.
The puff of frost hits you!
* * * LOW HITPOINT WARNING * * *
Aim: a white imp (severely wounded)
The white imp resists.
You freeze the white imp. The white imp gestures at you.
The puff of frost hits you!
You die...

###..
#.###......#
.##....
#>##5...#...#
....... #.##....#
#
.......##.##5..##
.......#.....#.#
.........##>.#.#
........###.##.#
####...5# #.# .#
#.##@# #.# #
#.###.# #[....#
...#.##.#..###.
#.............
...............
....#.....#....
... #.....#####
.. ##....#


You could see a white imp.

Vanquished Creatures
  2 ogres
  2 centaurs (D:5)
  A bullfrog zombie (D:5)
  A jelly (D:4)
  4 orc priests
  An orc wizard (D:4)
  7 worker ants
  4 gnolls (D:3)
  5 adders
  A white imp (D:6)
  3 worms
  2 dart slugs
  4 leopard geckos
  14 orcs
  3 giant cockroaches (D:2)
  6 hobgoblins
  2 jackals (D:3)
  2 quokkas (D:3)
  3 ball pythons
  7 bats
  8 frilled lizards
  6 goblins
  6 kobolds
  A quokka skeleton (D:4)
  6 rats
101 creatures vanquished.

Vanquished Creatures (collateral kills)
  Pikel (D:6)
1 creature vanquished.

Grand Total: 102 creatures vanquished

Notes
Turn   | Place    | Note
-------+----------+-------------------------------------------
     0 | D:1      | vurker the Spriggan Ice Elementalist began the quest for
                  | the Orb.
     0 | D:1      | Reached XP level 1. HP: 9/9 MP: 5/5
   336 | D:1      | Reached skill level 3 in Spellcasting
   336 | D:1      | Reached XP level 2. HP: 7/13 MP: 1/7
  1237 | D:2      | Reached XP level 3. HP: 17/17 MP: 9/9
  1242 | D:2      | Learned a level 3 spell: Frozen Ramparts
  1578 | D:2      | Found a sacrificial altar of Ru.
  1668 | D:3      | Reached skill level 1 in Fighting
  1721 | D:3      | Found a stormy altar of Qazlal.
  2081 | D:3      | Reached skill level 4 in Spellcasting
  2141 | D:3      | Reached XP level 4. HP: 11/22 MP: 4/11
  2784 | D:3      | Found a faded altar of an unknown god.
  2969 | D:3      | Reached XP level 5. HP: 19/25 MP: 10/12
  3091 | D:4      | Learned a level 4 spell: Hailstorm
  3096 | D:4      | Learned a level 4 spell: Summon Ice Beast
  3097 | D:4      | Noticed a phantom
  3584 | D:4      | Noticed an ogre
  3619 | D:4      | Killed an ogre
  3619 | D:4      | Reached skill level 5 in Spellcasting
  3619 | D:4      | Reached skill level 1 in Summonings
  3619 | D:4      | Reached XP level 6. HP: 20/30 MP: 6/14
  3758 | D:3      | Reached skill level 1 in Conjurations
  4416 | D:4      | Found a blossoming altar of Fedhas.
  4580 | D:5      | Entered Level 5 of the Dungeon
  4946 | D:5      | Reached XP level 7. HP: 35/35 MP: 12/16
  5197 | D:5      | Found a basalt altar of Yredelemnul.
  5305 | D:5      | Reached skill level 6 in Spellcasting
  5305 | D:5      | Reached skill level 5 in Ice Magic
  5503 | D:5      | Found a white marble altar of Elyvilon.
  6067 | D:6      | Noticed Pikel
  6083 | D:6      | Killed Pikel
  6083 | D:6      | Reached XP level 8. HP: 14/39 MP: 11/19
  6480 | D:6      | Killed from afar by a white imp

Illustrated notes

Levels and vault maps discovered:
D:1:      dpeg_arrival_simpleton_a, layout_basic
D:2:      layout_rooms, nicolae_ru_path_of_blood
D:3:      layout_rooms, chequers_ecumenical_altar_grove, grunt_qazlal_sundering
D:4:      layout_rooms, minmay_overflow_temple_star_quad,
          chequers_decorated_corner, fedhas_altar_1
D:5:      layout_basic, kennysheep_ying_yang, zaba_anthole
D:6:      layout_rooms, minmay_lizard_king, uniq_pikel

Skill      XL: |  1  2  3  4  5  6  7 |
---------------+----------------------+-----
Spellcasting   | 3 4 5 6 |  6.7
Fighting       | 1 2 |  2.8
Ice Magic      | 4 5 |  5.4
Summonings     | 1 3 |  3.0
Conjurations   | 1 2 |  2.8
Dodging        | |  3.0
Stealth        | |  3.0

Action                   |  1- 3 |  4- 6 |  7- 9 || total
-------------------------+-------+-------+-------++-------
Melee: Dagger            |    50 |    74 |     8 ||   132
       Whip              |       |       |     9 ||     9
 Cast: Freeze            |    38 |    34 |    12 ||    84
       Frozen Ramparts   |     2 |    16 |     9 ||    27
       Summon Ice Beast  |       |     3 |     1 ||     4
  Use: Scroll            |     4 |     3 |       ||     7
       Potion            |       |     1 |       ||     1
 Stab: Sleeping          |     2 |       |       ||     2
       Distracted        |       |     1 |       ||     1
Armor: Robe              |     6 |     8 |     2 ||    16
Dodge: Dodged            |    67 |    81 |    30 ||   178

Table legend: (Time is in decaauts)
 A = Elapsed time spent in this place.
 B = Non-inter-level travel time spent in this place.
 C = Inter-level travel time spent in this place.
 D = Time resting spent in this place.
 E = Time spent auto-exploring this place.
 F = Levels seen in this place.
 G = Mean time per level.
                   A        B        C        D        E       F      G
               +--------+--------+--------+--------+--------+-----+--------+
         Total |   5359 |   5277 |     82 |    972 |   3587 |   6 |  893.2 |
       Dungeon |   5359 |   5277 |     82 |    972 |   3587 |   6 |  893.2 |
               +--------+--------+--------+--------+--------+-----+--------+

Top non-repeatable levels by time:
     D:3: 1946 daAuts
     D:5: 1506 daAuts
     D:1: 717 daAuts
     D:4: 660 daAuts
     D:2: 471 daAuts
     D:6: 57 daAuts
